 Dungeon Crawl Stone Soup version 0.32-a0-433-g08bcfe7efd (console) character file.

Game seed: 7396105261428022586

1110 zevi the Magician (level 8, 0/48 (52) HPs)
             Began as a Human Wanderer on Feb 22, 2024.
             Was an Initiate of Gozag.
             Slain by a wight
             ... wielding a +3 halberd
              (10 damage)
             ... on level 6 of the Dungeon on Feb 23, 2024.
             The game lasted 00:15:32 (6258 turns).

zevi the Magician (Human Wanderer)                  Turns: 6258, Time: 00:15:33

HP:   0/48 (52)     AC:  3    Str: 12    XL:     8   Next: 33%
MP:   12/17         EV: 11    Int: 17    God:    Gozag
Gold: 378           SH:  0    Dex: 11    Spells: 6/19 levels left

rFire   . . .        p - +4 dagger (venom)
rCold   . . .        (no shield)
rNeg    . . .        c - +0 robe
rPois   .            (no helmet)
rElec   .            (no cloak)
rCorr   .            f - +0 pair of gloves
SInv    .            (no boots)
Will    .....        x - amulet of the acrobat
Stlth   +            (no ring)
HPRegen 0.28/turn    (no ring)
MPRegen 0.15/turn

%: acrobat
@: drained
A: explore regen
a: Renounce Religion, Potion Petition, Call Merchant, Bribe Branch


You were on level 6 of the Dungeon.
You worshipped Gozag.
Gozag was aware of your devotion.
You visited 1 branch of the dungeon, and saw 6 of its levels.

You collected 679 gold pieces.
You spent 250 gold pieces at shops.
You paid 51 gold pieces to Gozag.

Inventory:

Hand Weapons
 g - a +0 sling
 p - a +4 dagger of venom (weapon)
Armour
 c - a +0 robe (worn)
 f - a +0 pair of gloves (worn)
Jewellery
 i - a ring of fire
 x - an amulet of the acrobat (around neck)
Wands
 d - a wand of polymorph (13)
 s - a wand of iceblast (22)
 y - a wand of paralysis (11)
Scrolls
 h - 5 scrolls of fear
 m - a scroll of summoning
 n - 4 scrolls of teleportation
 w - a scroll of fog {unknown}
Potions
 a - a potion of berserk rage
 b - 2 potions of curing
 e - 3 potions of heal wounds
 j - 2 potions of ambrosia
 k - 2 potions of might
 l - a potion of brilliance
 o - a potion of enlightenment
 q - 3 potions of cancellation {unknown}
 r - a potion of resistance
 t - 2 potions of attraction
 u - a potion of haste
 v - a potion of lignification


   Skills:
 - Level 1.0 Dodging
 - Level 1.0 Stealth
 + Level 6.3 Spellcasting
 - Level 1.0 Conjurations
 - Level 1.0 Hexes
 * Level 4.5 Ice Magic
 - Level 1.0 Air Magic
 - Level 5.0 Earth Magic
 - Level 1.0 Alchemy
 - Level 1.0 Invocations
 - Level 2.0 Evocations


You had 6 spell levels left.
You knew the following spells:

 Your Spells              Type           Power      Damage    Failure   Level
a - Sandblast             Erth           44%        2d11      1%          1
b - Mephitic Cloud        Conj/Alch/Air  8%         N/A       26%         3
c - Frozen Ramparts       Ice            40%        1d7       6%          3
d - Hailstorm             Conj/Ice       14%        3d6       12%         3
e - Summon Ice Beast      Ice/Summ       13%        N/A       14%         3

Your spell library contained the following spells:

 Spells                   Type           Power      Damage    Failure   Level
 Ensorcelled Hibernation  Hex/Ice        28%        N/A       6%          2
 Jinxbite                 Hex            16%        N/A       12%         2
 Dazzling Flash           Conj/Hex       16%        N/A       26%         3
 Volatile Blastmotes      Fire/Tloc      10%        2d10      36%         3
 Leda's Liquefaction      Alch/Erth      7%         N/A       36%         4
 Petrify                  Alch/Erth      15%        N/A       36%         4
 Animate Armour           Summ/Erth      26%        N/A       41%         4
 Metabolic Englaciation   Hex/Ice        7%         N/A       73%         5
 Silence                  Hex/Air        4%         N/A       92%         5
 Curse of Agony           Necr           5%         N/A       98%         5
 Sculpt Simulacrum        Ice/Alch       7%         N/A       99%         6
 Starburst                Conj/Fire      3%         6d3       100%        6
 Maxwell's Capacitive Co  Air            4%         ∞         100%        8


Dungeon Overview and Level Annotations

Branches:
Dungeon (6/15)             Temple (0/1) D:5

Altars:
Cheibriados
Gozag
Sif Muna
Vehumet
The Shining One

Shops:
D:5 *(!!

Annotations:
D:1 exclusion: kobold
D:3 Sigmund
D:5 Grinder


Innate Abilities, Weirdness & Mutations

You regain HP and MP as you explore.


Message History

The wight hits you from afar with a +3 halberd!
Casting: Sandblast (safe; 1% risk of failure)
Confirm with . or Enter, or press ? or * to list all spells.
Aiming: Sandblast (safe; 1% risk of failure)
Press: ? - help, Shift-Dir - straight line, f/p - wight
Aim: a wight, wielding a +3 halberd and wearing a +0 robe (lightly damaged, 83% to hit)
The blast of sand hits the wight.
The wight is moderately damaged.
The wight closely misses you.
Casting: Sandblast (safe; 1% risk of failure)
Confirm with . or Enter, or press ? or * to list all spells.
Aiming: Sandblast (safe; 1% risk of failure)
Press: ? - help, Shift-Dir - straight line, f/p - wight
Aim: a wight, wielding a +3 halberd and wearing a +0 robe (moderately damaged, 83% to hit)
The blast of sand hits the wight but does no damage.
The wight is moderately damaged.
The wight hits you from afar with a +3 halberd!
You feel drained. The wight closely misses you.
Casting: Sandblast (safe; 1% risk of failure)
Confirm with . or Enter, or press ? or * to list all spells.
Aiming: Sandblast (safe; 1% risk of failure)
Press: ? - help, Shift-Dir - straight line, f/p - wight
Aim: a wight, wielding a +3 halberd and wearing a +0 robe (moderately damaged, 83% to hit)
The blast of sand hits the wight.
The wight is heavily damaged.
The wight barely misses you.
Casting: Sandblast (safe; 1% risk of failure)
Confirm with . or Enter, or press ? or * to list all spells.
Aiming: Sandblast (safe; 1% risk of failure)
Press: ? - help, Shift-Dir - straight line, f/p - wight
Aim: a wight, wielding a +3 halberd and wearing a +0 robe (heavily damaged, 83% to hit)
The blast of sand hits the wight.
The wight is severely damaged.
The wight hits you from afar with a +3 halberd!
* * * LOW HITPOINT WARNING * * *
You feel drained.
* * * LOW HITPOINT WARNING * * *
The wight hits you from afar with a +3 halberd!
You die...
Your body crumbles into a pile of gold.

..# #.........# **.#
*,,...*
########..#......###..#
**,..,*
###......##......#...#*
*,z.,*
.....###..........(#**
**.#** ##########.......###
*.# # ###...........# ##.#
####..)#####.....# ###z.#
#..........^....#####
#...#*
###########....@.z..###.###
#.....###.....# #######
#######


You could see a wight.

Vanquished Creatures
  A water moccasin (D:5)
  A black bear (D:5)
  A centaur (D:6)
  3 ogres
  A phantom (D:4)
  A scorpion (D:4)
  A wight (D:6)
  2 hounds
  A jelly (D:6)
  2 iguanas
  11 gnolls
  8 adders
  2 shadow imps
  3 dart slugs
  4 ribbon worms
  4 orcs
  4 ball pythons
  7 endoplasms
  A giant cockroach (D:1)
  7 goblins
  5 hobgoblins
  A quokka (D:4)
  3 bats (D:2)
  2 frilled lizards (D:3)
  9 kobolds
  6 rats
91 creatures vanquished.

Notes
Turn   | Place    | Note
-------+----------+-------------------------------------------
     0 | D:1      | zevi the Human Wanderer began the quest for the Orb.
     0 | D:1      | zevi set off with the following items: a +0 club, a potion
                  | of curing, a +0 robe, a wand of polymorph (7); and the
                  | following spell memorised: Sandblast; and the following
                  | spells available to memorise: Jinxbite, Ensorcelled
                  | Hibernation, Animate Armour, Petrify.
     0 | D:1      | Reached XP level 1. HP: 13/13 MP: 2/2
   236 | D:1      | Reached XP level 2. HP: 19/19 MP: 2/4
   940 | D:2      | Reached XP level 3. HP: 24/24 MP: 3/5
   941 | D:2      | Reached skill level 2 in Spellcasting
  1065 | D:2      | Learned a level 3 spell: Mephitic Cloud
  1528 | D:2      | Reached XP level 4. HP: 28/30 MP: 1/7
  1737 | D:3      | Noticed Ijyb
  1738 | D:3      | Ijyb changed into Ijyb the hobgoblin
  1738 | D:3      | Noticed Ijyb
  1741 | D:3      | Killed Ijyb the hobgoblin
  1976 | D:3      | Reached skill level 1 in Conjurations
  2079 | D:3      | Found an opulent altar of Gozag.
  2092 | D:3      | Became a worshipper of Gozag Ym Sagoz the Greedy
  2198 | D:3      | Reached skill level 1 in Alchemy
  2238 | D:3      | Found a glowing golden altar of the Shining One.
  2258 | D:3      | Noticed Sigmund
  2492 | D:3      | Reached skill level 1 in Air Magic
  2492 | D:3      | Reached XP level 5. HP: 35/35 MP: 6/9
  2920 | D:4      | Reached skill level 3 in Spellcasting
  3236 | D:4      | Found a radiant altar of Vehumet.
  3364 | D:4      | Noticed a black bear
  3388 | D:4      | Learned a level 3 spell: Frozen Ramparts
  3471 | D:4      | Found a snail-covered altar of Cheibriados.
  3637 | D:5      | Entered Level 5 of the Dungeon
  3642 | D:5      | Reached XP level 6. HP: 41/41 MP: 7/11
  3647 | D:4      | HP: 2/41 [gnoll/+2 whip of venom (7)]
  3809 | D:4      | Reached skill level 1 in Ice Magic
  3809 | D:4      | Reached skill level 5 in Earth Magic
  4066 | D:5      | Found Ridokhoxi's General Store.
  4076 | D:5      | Bought a scroll of fear for 48 gold pieces
  4076 | D:5      | Bought a +0 pair of gloves for 54 gold pieces
  4098 | D:5      | Noticed a black bear
  4111 | D:5      | Killed a black bear
  4112 | D:5      | Reached skill level 4 in Spellcasting
  4250 | D:5      | Noticed a water moccasin
  4273 | D:5      | Killed a water moccasin
  4274 | D:5      | Reached XP level 7. HP: 33/46 MP: 4/13
  4409 | D:5      | Found Cadwyhat's Antique Weapon Boutique.
  4430 | D:5      | Found Puorr's Antique Armour Emporium.
  4771 | D:5      | Found a staircase to the Ecumenical Temple.
  4774 | D:5      | Noticed Grinder
  5062 | D:5      | Found Budef's Distillery.
  5066 | D:5      | Bought a potion of enlightenment for 55 gold pieces
  5066 | D:5      | Bought a potion of lignification for 33 gold pieces
  5182 | D:5      | Found Putiduk's Distillery.
  5192 | D:5      | Bought a potion of might for 60 gold pieces
  5249 | D:5      | Found a shimmering blue altar of Sif Muna.
  5301 | D:6      | Reached skill level 5 in Spellcasting
  5370 | D:6      | Reached XP level 8. HP: 52/52 MP: 5/16
  5561 | D:6      | Reached skill level 6 in Spellcasting
  5797 | D:6      | Learned a level 3 spell: Hailstorm
  5801 | D:6      | Learned a level 3 spell: Summon Ice Beast
  5826 | D:6      | HP: 2/52 [centaur (1)]
  6258 | D:6      | Slain by a wight

Illustrated notes

Levels and vault maps discovered:
D:1:      mainiacjoe_arrival_oval_in_oval, layout_basic
D:2:      layout_loops_ring
D:3:      layout_loops_ring, nicolae_gozag_cash_rules_everything_around_me,
          tso_metal_star, uniq_ijyb, uniq_sigmund
D:4:      layout_basic, lemuel_crystal_altar, cheibrodos_worm_habitat,
          kennysheep_generic_room_8
D:5:      layout_cave_pools, lemuel_blue_sif_altar, minmay_temple_entry_glass,
          serial_shops, nicolae_shop_industrial_runoff, shop,
          nicolae_lakefront_shop, kennysheep_mini, shop, kennysheep_nub,
          uniq_grinder
D:6:      layout_rooms

Skill      XL: |  1  2  3  4  5  6  7  8 |
---------------+-------------------------+-----
Spellcasting   | 2 3 4 5 6 |  6.3
Conjurations   | 1 |  1.0
Alchemy        | 1 |  1.0
Earth Magic    | 4 5 |  5.0
Air Magic      | 1 |  1.0
Ice Magic      | 2 4 |  4.5
Dodging        | |  1.0
Stealth        | |  1.0
Hexes          | |  1.0
Invocations    | |  1.0
Evocations     | |  2.0

Action                     |  1- 3 |  4- 6 |  7- 9 || total
---------------------------+-------+-------+-------++-------
  Melee: Short sword       |     7 |       |       ||     7
         Club              |     1 |       |       ||     1
         Dagger            |       |    78 |    44 ||   122
   Fire: Sling             |    19 |     8 |       ||    27
   Cast: Sandblast         |    39 |    48 |    24 ||   111
         Frozen Ramparts   |       |     3 |     5 ||     8
  Evoke: Wand              |       |     1 |       ||     1
    Use: Scroll            |       |     8 |     5 ||    13
         Potion            |       |     2 |     1 ||     3
   Stab: Sleeping          |       |     3 |       ||     3
 Armour: Robe              |    13 |    62 |    45 ||   120
  Dodge: Dodged            |    15 |    53 |    35 ||   103

Table legend: (Time is in decaauts)
 A = Elapsed time spent in this place.
 B = Non-inter-level travel time spent in this place.
 C = Inter-level travel time spent in this place.
 D = Time resting spent in this place.
 E = Time spent auto-exploring this place.
 F = Levels seen in this place.
 G = Mean time per level.
                   A        B        C        D        E       F      G
               +--------+--------+--------+--------+--------+-----+--------+
         Total |   6337 |   6061 |    276 |   1484 |   3486 |   6 | 1056.2 |
       Dungeon |   6337 |   6061 |    276 |   1484 |   3486 |   6 | 1056.2 |
               +--------+--------+--------+--------+--------+-----+--------+

Top non-repeatable levels by time:
     D:4: 1232 daAuts
     D:5: 1172 daAuts
     D:3: 1170 daAuts
     D:6: 995 daAuts
     D:1: 896 daAuts
     D:2: 870 daAuts
